 Dungeon Crawl Stone Soup version 0.25-a0-504-g768f60da87 (webtiles) character file.

Game seed: 6743310824949779171, levelgen mode: deterministic

320224 PsychoGun the Tortoise (level 22, -31/177 HPs)
             Began as a Human Monk on Feb 10, 2020.
             Was a High Priest of Elyvilon (penitent).
             Hit by a large rock thrown by a stone giant (37 damage)
             ... on level 5 of the Vaults on Feb 14, 2020.
             The game lasted 04:14:51 (33779 turns).

PsychoGun the Tortoise (Human Monk)                Turns: 33779, Time: 04:14:51

Health: -31/177    AC: 31    Str: 25    XL:     22   Next: 45%
Magic:  33/33      EV: 12    Int: 14    God:    Elyvilon [*]
Gold:   1928       SH: 12    Dex: 21    Spells: 13/33 levels left

rFire    + . .     SeeInvis +   a - +7 morningstar (elec)
rCold    + . .     Gourm    .   D - +1 buckler {reflect}
rNeg     . . .     Faith    .   J - +4 gold dragon scales
rPois    +         Spirit   .   Q - +0 mask of the Dragon {MR+ Slay+3 SInv}
rElec    .         Reflect  +   T - +2 cloak {MR+}
rCorr    .         Harm     .   n - +2 pair of gloves {Dex+3}
MR       +++++                  o - +0 pair of boots
Stlth    ..........             H - +5 amulet of reflection
HPRegen  0.39/turn              V - +6 ring of strength
MPRegen  0.23/turn              W - ring of the Mage {Wiz MR++ Int+3}

@: about to teleport, corroded
A: no striking features
}: 2/15 runes: decaying, serpentine
a: Renounce Religion


You were on level 5 of the Vaults.
You worshipped Elyvilon.
Elyvilon was demanding penance.
You were not hungry.

You visited 7 branches of the dungeon, and saw 37 of its levels.
You also visited: Bailey, Gauntlet and Volcano.

You collected 3873 gold pieces.
You spent 1945 gold pieces at shops.

Inventory:

Hand Weapons
 a - a +7 morningstar of electrocution (weapon)
 b - a +1 vampiric demon whip
Missiles
 h - 9 boomerangs
 v - 3 boomerangs of dispersal
 y - 21 silver javelins
 E - 8 curare-tipped darts (quivered)
 G - 4 javelins
Armour
 n - a +2 pair of gloves of dexterity (worn)
 o - a +0 pair of boots (worn)
 D - a +1 buckler of reflection (worn)
 J - +4 gold dragon scales (worn)
 Q - the +0 mask of the Dragon (worn) {MR+ Slay+3 SInv}
   (You found it in a Gauntlet)

   It affects your accuracy and damage with ranged weapons and melee attacks
   (+3).
   It affects your resistance to hostile enchantments.
   It lets you see invisible.
   If you remove this armour, your AC will remain unchanged.
 T - a +2 cloak of magic resistance (worn)
Jewellery
 H - a +5 amulet of reflection (around neck)
 V - a +6 ring of strength (left hand)
 W - the ring of the Mage (right hand) {Wiz MR++ Int+3}
   (You found it on level 2 of the Swamp)

   [ring of wizardry]

   It improves your spell success rate.
   It affects your intelligence (+3).
   It affects your resistance to hostile enchantments.
Wands
 I - a wand of polymorph (10)
Scrolls
 e - 4 scrolls of amnesia
 g - 11 scrolls of teleportation
 i - 12 scrolls of remove curse
 l - 7 scrolls of identify
 m - 8 scrolls of fog
 p - 3 scrolls of fear
 s - 4 scrolls of noise
 x - a scroll of immolation
 B - a scroll of summoning
 N - 2 scrolls of vulnerability
 R - 3 scrolls of brand weapon
Potions
 d - a potion of mutation
 j - 3 potions of curing
 k - 2 potions of haste
 r - 3 potions of cancellation
 t - a potion of resistance
 u - 7 potions of brilliance
 w - 5 potions of lignification
 z - 2 potions of magic
 C - 2 potions of flight
Miscellaneous
 f - a phial of floods
 q - a lamp of fire
 L - a sack of spiders
 Z - a lightning rod (4/4)
Comestibles
 c - 27 rations
 K - a chunk of flesh


   Skills:
 + Level 15.9 Fighting
 - Level 16.0 Maces & Flails
 - Level 13.8 Throwing
 + Level 18.7 Armour
 - Level 10.0 Dodging
 - Level 2.0 Stealth
 - Level 6.1 Shields
 - Level 6.0 Spellcasting
 - Level 10.0 Charms
 - Level 6.1 Translocations
 - Level 15.0 Invocations


You had 13 spell levels left.
You knew the following spells:

 Your Spells              Type           Power        Failure   Level  Hunger
a - Aura of Abjuration    Summ           #.........   100%        5    ######.
b - Blink                 Tloc           N/A          13%         2    #......
g - Shroud of Golubria    Chrm/Tloc      ####..       6%          2    #......
n - Swiftness             Chrm/Air       ###.....     21%         2    #......
s - Song of Slaying       Chrm           ####....     2%          2    #......
z - Apportation           Tloc           ###...       9%          1    None
R - Deflect Missiles      Chrm/Air       ###.......   100%        6    #######

Your spell library contained the following spells:

 Spells                   Type           Power        Failure   Level  Hunger
 Infusion                 Chrm           ####         1%          1    None
 Gell's Gravitas          Tloc           ###.......   26%         3    ###....
 Lesser Beckoning         Tloc           ###.......   26%         3    ###....
 Ozocubu's Armour         Chrm/Ice       ###.....     38%         3    ###....
 Spectral Weapon          Hex/Chrm       ###.....     38%         3    ###....
 Portal Projectile        Hex/Tloc       ##....       65%         3    ###....
 Recall                   Summ/Tloc      N/A          65%         3    ###....
 Animate Skeleton         Necr           N/A          69%         1    None
 Beastly Appendage        Tmut           #.....       69%         1    None
 Corona                   Hex            #......      69%         1    None
 Foxfire                  Conj/Fire      #...         69%         1    None
 Magic Dart               Conj           #...         69%         1    None
 Sandblast                Erth           #.....       69%         1    None
 Shock                    Conj/Air       #...         69%         1    None
 Sting                    Tmut/Pois      #...         69%         1    None
 Summon Butterflies       Summ           #.......     69%         1    None
 Summon Small Mammal      Summ           #...         69%         1    None
 Call Imp                 Summ           #.......     82%         2    #......
 Passwall                 Tmut/Erth      #.......     82%         2    #......
 Poisonous Vapours        Pois/Air       #.....       82%         2    #......
 Slow                     Hex            #.......     82%         2    #......
 Sticks to Snakes         Tmut           #.......     82%         2    #......
 Call Canine Familiar     Summ           #.......     95%         3    ###....
 Conjure Flame            Conj/Fire      #.......     95%         3    ###....
 Ignite Poison            Fire/Tmut/Pois #.......     95%         3    ###....
 Inner Flame              Hex/Fire       #.......     95%         3    ###....
 Mephitic Cloud           Conj/Pois/Air  #.......     95%         3    ###....
 Spider Form              Tmut/Pois      #.........   95%         3    ###....
 Static Discharge         Conj/Air       #.......     95%         3    ###....
 Stone Arrow              Conj/Erth      #.....       95%         3    ###....
 Summon Guardian Golem    Hex/Summ       #.......     95%         3    ###....
 Tukima's Dance           Hex            #.......     95%         3    ###....
 Airstrike                Air            #.........   100%        4    ####...
 Animate Dead             Necr           N/A          100%        4    ####...
 Cause Fear               Hex            #.........   100%        4    ####...
 Ice Form                 Ice/Tmut       #.......     100%        4    ####...
 Olgreb's Toxic Radiance  Pois           #.......     100%        4    ####...
 Petrify                  Tmut/Erth      #.......     100%        4    ####...
 Sticky Flame             Conj/Fire      #.......     100%        4    ####...
 Summon Ice Beast         Ice/Summ       #.......     100%        4    ####...
 Summon Lightning Spire   Summ/Air       #.......     100%        4    ####...
 Alistair's Intoxication  Tmut/Pois      #.......     100%        5    ######.
 Blade Hands              Tmut           #.........   100%        5    ######.
 Borgnjor's Vile Clutch   Necr/Erth      #.........   100%        5    ######.
 Fireball                 Conj/Fire      #.........   100%        5    ######.
 Lee's Rapid Deconstruct  Erth           #.........   100%        5    ######.
 Lightning Bolt           Conj/Air       #.........   100%        5    ######.
 Silence                  Hex/Air        #.........   100%        5    ######.
 Yara's Violent Unravell  Hex/Tmut       #.........   100%        5    ######.
 Death Channel            Necr           #.........   100%        6    #######
 Dispersal                Tloc           ###.......   100%        6    #######
 Invisibility             Hex            #.......     100%        6    #######
 Shadow Creatures         Summ           N/A          100%        6    #######
 Simulacrum               Ice/Necr       #.........   100%        6    #######
 Chain Lightning          Conj/Air       #.........   100%        8    #######
 Controlled Blink         Tloc           N/A          100%        8    #######
 Discord                  Hex            #.........   100%        8    #######
 Disjunction              Tloc           ###.......   100%        8    #######
 Lehudib's Crystal Spear  Conj/Erth      #.........   100%        8    #######
 Fire Storm               Conj/Fire      #.........   100%        9    #######
 Glaciate                 Conj/Ice       #.........   100%        9    #######


Dungeon Overview and Level Annotations

Branches:
Dungeon (15/15)            Temple (1/1) D:5            Lair (6/6) D:8
  Swamp (4/4) Lair:3        Snake (4/4) Lair:4        Slime (0/5) Lair:6
    Orc (2/2) D:11            Elf (0/3) Orc:2        Vaults (5/5) D:13
 Depths (0/5) D:15         Bailey (visited)         Volcano (visited)
Gauntlet (visited)
  Crypt: Vaults:2-3

Altars:
Ashenzari
Cheibriados
Dithmenos
Elyvilon
Fedhas
Gozag
Hepliaklqana
Kikubaaqudgha
Makhleb
Qazlal
Ru
Sif Muna
Trog
Uskayaw
Vehumet
Wu Jian
Yredelemnul
Zin
The Shining One
Beogh
Jiyva

Shops:
D:5 ?(*   D:6 [*(:   D:15 }   Orc:2 *?*:   Vaults:2 (   Vaults:3 !=[[}
Vaults:4 [

Annotations:
D:9 2 transporters, DerDa's ghost, novice DEFE
D:10 exclusion: orange crystal statue
D:15 Roxanne
Snake:2 2 transporters, Izya's ghost, adept GnTm
Orc:2 ZangPog's ghost, journeyman MiHu


Message History

Unknown command.
The deep elf archer shoots an arrow.
You reflect the arrow off your +1 buckler of reflection!
The arrow hits the deep elf archer!!
The deep elf sorcerer casts a spell at you.
The bolt of acid hits you!!
* * * LOW HITPOINT WARNING * * *
The acid corrodes you!
You are splashed with acid!
* * * LOW HITPOINT WARNING * * *
The vault sentinel blows a loud note on a signal horn!
You hear a shout! x2; You hear a deafening roar!
You hear a horrible gurgling sound! x3
The stone giant throws a large rock.
The large rock hits you but does no damage.
You see here a large rock.
Unknown command.
The deep elf sorcerer points at you and mumbles some strange words.
You resist with almost no effort.
The stone giant throws a large rock.
The large rock hits you!!!
You die...

.......<<[.e..[[[.[....[[[)......
####..(..ppp#####################
#...(.(..ppp....................
#..(#....#C##............##..^..
#.#.#....#.C##...(......##.....#
# # #....#.p.##........##.....##
#....#....##......##.....##.
#....#..e.(##....##.....##..
#....#(...e@##.)##..)..##[(.
#....#......|####.....##....
#....#.......[##.....##.....
#....#......)##.....##).....
#....#......##.....##(....).
#....#.....##.....####)....)
#....#....##.....##..##.....
#.#....#...##.....##).|.##....
#.#....# #.....##......##...


You could see a stone giant, a vault warden, a death knight, an ettin, a deep
elf sorcerer, 2 vault sentinels, a deep elf archer and an ironbrand convoker.

Vanquished Creatures
  Boris (twice) (Vaults:3 Vaults:4)
  A golden dragon (Vaults:5)
  A bone dragon (Swamp:4)
  2 tentacled monstrosities (Vaults:5)
  A thorn hunter (Swamp:2)
  5 sphinxes
  A tengu reaver (Vaults:5)
  Gastronok (Lair:3)
  7 nagarajas
  3 shadow dragons (Vaults:5)
  7 fire giants
  An orc warlord (D:11)
  A frost giant (Vaults:3)
  An iron dragon (Vaults:5)
  2 deep elf sorcerers (Vaults:5)
  6 vault wardens
  Aizul (Snake:2)
  9 ironheart preservers
  2 war gargoyles
  2 very ugly things (Vaults:5)
  6 stone giants
  An entropy weaver (Vaults:3)
  2 deep elf demonologists
  A deep elf annihilator (Vaults:5)
  A minotaur (Gauntlet)
  Snorg (Lair:3)
  A fire dragon (Vaults:1)
  3 ettins
  A deep elf death mage (Vaults:3)
  A deep elf high priest (Vaults:5)
  3 great orbs of eyes
  2 ice dragons
  Fannar (Lair:3)
  2 rakshasas
  10 yaktaur captains
  A catoblepas (Lair:5)
  An anaconda (Snake:1)
  5 naga warriors
  2 shambling mangroves
  26 vault guards
  31 two-headed ogres
  13 hydras
  20 alligators
  2 centaur warriors
  Erolcha (Orc:1)
  3 dancing weapons
  A satyr (shapeshifter) (Vaults:5)
  10 ogre magi
  A queen ant (shapeshifter) (Vaults:2)
  A deep troll shaman (Vaults:1)
  A queen ant (D:8)
  Urug (D:13)
  A shock serpent (Snake:3)
  Sonja (Lair:6)
  3 orc high priests (Orc:2)
  2 thrashing horrors (Gauntlet)
  3 naga sharpshooters
  12 deep elf knights
  2 shadow wraiths (Vaults:3)
  A salamander mystic (Snake:2)
  2 unseen horrors
  5 skeletal warriors
  2 spriggan druids (Swamp:4)
  3 swamp dragons
  8 deep elf archers
  3 deep trolls
  A naga ritualist (Snake:4)
  3 glowing orange brains
  6 wizards
  A spectral hydra (Swamp:4)
  3 lindwurms (D:11)
  3 harpies (Vaults:2)
  A harpy (shapeshifter) (Vaults:2)
  12 ironbrand convokers
  11 orc knights
  3 mana vipers
  A shadow dragon skeleton (Vaults:4)
  2 wolf spiders
  3 necromancers
  4 phantasmal warriors
  12 deep elf magi
  9 orc sorcerers
  18 ugly things
  A wolf spider zombie (D:15)
  A salamander (Snake:3)
  10 cyclopes
  A guardian serpent (shapeshifter) (Vaults:3)
  A stone giant zombie (Vaults:3)
  3 manticores
  A moth of wrath (Lair:6)
  5 toenail golems (Volcano)
  Maurice (Orc:1)
  8 elephants
  11 black mambas
  8 naga magi
  28 spiny frogs
  Maggie (D:6)
  2 centaur skeletons (D:14)
  2 gargoyles
  18 vault sentinels
  2 kobold demonologists
  17 yaktaurs
  3 rime drakes
  16 komodo dragons
  An efreet (D:13)
  2 trolls (shapeshifter)
  3 swamp worm zombies (Swamp:4)
  A demonic crawler (Lair:6)
  3 freezing wraiths
  A meliai (D:12)
  A polar bear (shapeshifter) (Vaults:1)
  2 jumping spiders
  14 tyrant leeches
  5 trolls
  A hornet (shapeshifter) (Vaults:5)
  A human simulacrum (Vaults:3)
  A hippogriff (shapeshifter) (Vaults:3)
  11 hornets
  26 blink frogs
  9 bog bodies
  24 slime creatures
  3 alligator zombies (Swamp:4)
  14 hippogriffs
  3 spectral swamp dragons (Swamp:4)
  7 spriggans
  3 shadows
  A tarantella (shapeshifter) (D:13)
  3 wraiths (Vaults:1)
  Grum (D:8)
  3 wyverns
  2 fire bats (Gauntlet)
  24 yaks
  16 humans
  2 basilisks
  A steam dragon (D:11)
  24 vampire mosquitoes
  3 hungry ghosts
  19 soldier ants (D:8)
  36 nagas
  15 swamp worms
  4 wargs
  An ogre zombie (Vaults:1)
  12 insubstantial wisps
  An acid dragon (Vaults:2)
  Duvessa (D:6)
  12 water moccasins
  A hell hound (Gauntlet)
  A floating eye (shapeshifter) (Vaults:5)
  8 porcupines
  50 orc warriors
  7 swamp dragon zombies (Swamp:4)
  2 human zombies
  6 phantoms
  3 ice beasts
  12 swamp drakes
  26 ogres
  A boggart (Vaults:1)
  5 human skeletons
  A necrophage (D:9)
  10 wolves
  An elf skeleton (Vaults:2)
  A centaur (shapeshifter) (Vaults:3)
  5 centaurs
  11 crocodiles
  3 small abominations (Gauntlet)
  A big kobold (D:13)
  27 bullfrogs
  A wyvern zombie (D:13)
  2 ogre simulacra (Vaults:1)
  A water moccasin zombie (D:10)
  Dowan (D:6)
  2 wyvern skeletons
  4 scorpions
  6 killer bees
  4 howler monkeys
  3 electric eels
  4 bullfrog zombies
  7 crimson imps
  4 centaur zombies
  3 jellies
  2 quasits (D:11)
  8 hounds
  17 orc priests
  3 bullfrog skeletons
  30 orc wizards
  11 iguanas
  A spectral swamp drake (Swamp:4)
  27 worker ants
  A hound skeleton (D:7)
  3 swamp drake zombies (Swamp:4)
  13 adders
  9 gnolls
  4 shadow imps
  2 oozes (D:1)
  An adder skeleton (D:2)
  An adder zombie (D:8)
  5 worms
  A dart slug (D:3)
  5 leopard geckos
  106 orcs
  4 giant cockroaches
  7 goblins
  17 hobgoblins
  10 jackals
  4 quokkas
  A ball python (D:4)
  8 bats
  5 frilled lizards
  13 kobolds
  10 rats
  A bush (Lair:4)
  A fungus (Lair:5)
1365 creatures vanquished.

Vanquished Creatures (collateral kills)
  Agnes (Snake:2)
  A naga warrior (Snake:2)
  A shambling mangrove (Swamp:4)
  An orc high priest (Bailey)
  3 naga sharpshooters (Snake:4)
  A deep elf mage (D:12)
  2 orc knights
  An ugly thing (D:12)
  A naga mage (Snake:2)
  2 swamp worm zombies (Swamp:4)
  2 hornets (Swamp:1)
  A slime creature (D:12)
  An alligator zombie (Swamp:4)
  A bog body (Swamp:4)
  Sigmund (D:4)
  4 nagas (Snake:4)
  Edmund (D:5)
  An orc priest (Orc:2)
  A jelly (D:5)
  An orc wizard (D:14)
  A gnoll (Bailey)
  An adder (D:5)
  2 orcs
  A hobgoblin (Bailey)
33 creatures vanquished.

Vanquished Creatures (others)
  A deep elf annihilator (Vaults:3)
  3 yaktaur captains (Vaults:5)
  A naga warrior (Snake:4)
  A ghost crab (Swamp:4)
  Erica (D:8)
  A deep elf knight (Vaults:1)
  A fire crab (Lair:6)
  2 deep elf archers
  An unseen horror (Vaults:1)
  An ugly thing (D:14)
  A moth of wrath (Orc:2)
  A naga mage (Snake:2)
  2 spiny frogs (Lair:6)
  4 yaktaurs
  A meliai (D:13)
  A blink frog (Lair:6)
  2 dream sheep (Lair:6)
  2 hornets
  A human (D:13)
  2 fire bats (Gauntlet)
  2 vampire mosquitoes
  A swamp worm (Swamp:4)
  2 hell hounds (Gauntlet)
  A swamp drake (Swamp:2)
  3 orc warriors
  A centaur (D:13)
  2 bullfrogs (Lair:6)
  2 killer bees (D:8)
  An orc priest (Orc:2)
  An iguana (D:13)
  An adder zombie (D:8)
  2 orcs
  A goblin (Bailey)
  9 fungi
  43 plants (Lair:6)
102 creatures vanquished.

Grand Total: 1500 creatures vanquished

Notes
Turn   | Place    | Note
-------+----------+-------------------------------------------
     0 | D:1      | PsychoGun the Human Monk began the quest for the Orb.
     0 | D:1      | Reached XP level 1. HP: 18/18 MP: 1/1
    69 | D:1      | Reached XP level 2. HP: 24/24 MP: 2/2
   375 | D:1      | Reached XP level 3. HP: 29/29 MP: 3/3
   782 | D:2      | Reached XP level 4. HP: 35/37 MP: 4/4
  1169 | D:3      | Found a bloodstained altar of Trog.
  1195 | D:3      | Reached XP level 5. HP: 37/42 MP: 5/5
  1883 | D:4      | Reached XP level 6. HP: 35/50 MP: 6/6
  2048 | D:4      | Found a large runed translucent door.
  2048 | D:4      | Found a large runed translucent door.
  2049 | D:4      | Noticed a two-headed ogre
  2049 | D:4      | Noticed an orc warrior
  2050 | D:4      | Found a large runed translucent door.
  2050 | D:4      | Found a large runed translucent door.
  2095 | D:4      | Reached skill level 5 in Maces & Flails
  2133 | D:4      | Reached skill level 5 in Fighting
  2350 | D:4      | Reached skill level 1 in Throwing
  2404 | D:4      | Noticed Sigmund
  2443 | D:4      | Reached skill level 1 in Armour
  2467 | D:4      | Killed Sigmund
  2467 | D:4      | Reached XP level 7. HP: 45/56 MP: 7/7
  2486 | D:4      | Reached skill level 2 in Armour
  2594 | D:5      | Entered Level 5 of the Dungeon
  3066 | D:4      | Reached skill level 1 in Shields
  3577 | D:4      | Killed a two-headed ogre
  3577 | D:4      | Reached skill level 4 in Armour
  3577 | D:4      | Reached XP level 8. HP: 65/65 MP: 8/8
  3581 | D:4      | Reached XP level 9. HP: 71/71 MP: 9/9
  3670 | D:5      | Noticed a two-headed ogre
  3688 | D:5      | Killed a two-headed ogre
  3892 | D:5      | Found Hovosaon's Assorted Antiques.
  3895 | D:5      | Bought a scroll labeled KALAN WUHE for 21 gold pieces
  3944 | D:5      | Upgraded the game from 0.25-a0-482-g9b3b753f3f to
                  | 0.25-a0-489-g9ae84a01e3
  4070 | D:5      | Noticed Edmund
  4082 | D:5      | Killed Edmund
  4180 | D:5      | Found a staircase to the Ecumenical Temple.
  4192 | Temple   | Entered the Ecumenical Temple
  4211 | Temple   | Became a worshipper of Elyvilon the Healer
  4211 | Temple   | Reached * piety under Elyvilon
  4211 | Temple   | Reached ** piety under Elyvilon
  4288 | D:5      | Found Xoipreun's Antique Weapon Emporium.
  4433 | D:5      | Found Teucarel's Magic Scroll Emporium.
  4438 | D:5      | Bought a scroll of summoning for 104 gold pieces
  4765 | D:6      | Noticed Duvessa
  4765 | D:6      | Noticed Dowan
  4770 | D:6      | Killed Duvessa
  4770 | D:6      | Reached skill level 1 in Invocations
  4773 | D:6      | Killed Dowan
  4795 | D:6      | Found Daebot's Book Shoppe.
  5187 | D:6      | Found Geul's Antique Weapon Boutique.
  5214 | D:6      | Found Nyxuw's General Store.
  5225 | D:6      | Found Egoes's Armour Shop.
  5250 | D:6      | Bought a +1 cloak of magic resistance for 198 gold pieces
  5353 | D:6      | Reached *** piety under Elyvilon
  5353 | D:6      | Noticed Maggie
  5379 | D:6      | Killed Maggie
  5379 | D:6      | Reached skill level 5 in Invocations
  5379 | D:6      | Reached XP level 10. HP: 52/77 MP: 11/14
  5679 | D:7      | Found a glowing silver altar of Zin.
  5950 | D:7      | Reached skill level 5 in Armour
  6281 | D:7      | Reached **** piety under Elyvilon
  6623 | D:8      | Reached skill level 5 in Dodging
  6650 | D:8      | Found a flagged portal.
  6659 | Bailey   | Entered a bailey
  6848 | Bailey   | Found an iron altar of Okawaru.
  6848 | Bailey   | Noticed an orc high priest
  6848 | Bailey   | Noticed a kobold demonologist
  6859 | Bailey   | Killed an orc high priest
  6864 | Bailey   | Killed a kobold demonologist
  6864 | Bailey   | Reached skill level 6 in Armour
  7124 | Bailey   | Reached XP level 11. HP: 48/86 MP: 9/15
  7224 | Bailey   | Noticed an orc knight
  7265 | Bailey   | Killed an orc knight
  7265 | Bailey   | Reached skill level 5 in Throwing
  7512 | Bailey   | Noticed an orc knight
  7529 | Bailey   | Killed an orc knight
  7888 | D:8      | Reached skill level 10 in Throwing
  7923 | D:8      | Noticed a queen ant
  8353 | D:8      | Killed a queen ant
  8627 | D:8      | Noticed Grum
  8652 | D:8      | Killed Grum
  8652 | D:8      | Reached XP level 12. HP: 50/92 MP: 16/16
  8702 | D:8      | Found a staircase to the Lair.
  8702 | D:8      | Noticed Erica
  8727 | D:8      | Killed Erica
  9233 | D:9      | Found a transporter.
  9394 | D:9      | Found a transporter.
  9397 | D:9      | Noticed DerDa's ghost (novice DEFE)
  9443 | D:9      | Got a pitted morningstar
  9444 | D:9      | Identified the cursed +0 morningstar of Gloom {vorpal, rC+}
                  | (You found it on level 9 of the Dungeon)
  9800 | D:10     | Entered Level 10 of the Dungeon
 10766 | D:11     | Upgraded the game from 0.25-a0-489-g9ae84a01e3 to
                  | 0.25-a0-496-g8c4878dea3
 11139 | D:11     | Got a fine plate armour
 11140 | D:11     | Identified the +10 plate armour of the Centipede {rElec}
                  | (You found it on level 11 of the Dungeon)
 11171 | D:11     | Noticed a five-headed hydra
 11176 | D:11     | Pacified a five-headed hydra
 11222 | D:11     | Reached skill level 10 in Fighting
 11255 | D:11     | Found a staircase to the Orcish Mines.
 11308 | D:11     | Reached skill level 10 in Maces & Flails
 11612 | D:12     | Reached XP level 13. HP: 77/103 MP: 14/17
 11763 | D:12     | Reached skill level 7 in Armour
 12303 | D:12     | Reached skill level 8 in Armour
 12474 | D:13     | Found a gate to the Vaults.
 12474 | D:13     | Noticed Nessos
 12474 | D:13     | Noticed Urug
 12602 | D:13     | Noticed Nessos
 12602 | D:13     | Nessos changed into Nessos the yaktaur
 12638 | D:13     | Killed Nessos the yaktaur
 12655 | D:13     | Killed Urug
 12671 | D:13     | Reached skill level 9 in Armour
 13824 | D:14     | Reached XP level 14. HP: 95/110 MP: 18/18
 13826 | D:14     | Reached skill level 10 in Armour
 13910 | D:14     | Upgraded the game from 0.25-a0-496-g8c4878dea3 to
                  | 0.25-a0-503-ge281fa673e
 14614 | D:15     | Entered Level 15 of the Dungeon
 14621 | D:15     | Found Wicerph's Gadget Shop.
 14638 | D:15     | Reached skill level 11 in Armour
 14953 | D:15     | Found a staircase to the Depths.
 15052 | D:15     | Noticed Roxanne
 15515 | D:15     | Reached XP level 15. HP: 99/115 MP: 19/19
 15730 | Orc:1    | Entered Level 1 of the Orcish Mines
 15747 | Orc:1    | Noticed Maurice
 15750 | Orc:1    | Noticed Erolcha
 15770 | Orc:1    | Killed Maurice
 15780 | Orc:1    | Killed Erolcha
 15827 | Orc:1    | Noticed an orc warlord
 15860 | D:11     | Killed an orc warlord
 16031 | Orc:2    | Entered Level 2 of the Orcish Mines
 16206 | Orc:1    | Found a roughly hewn altar of Beogh.
 16923 | Orc:2    | Found a staircase to the Elven Halls.
 16956 | Orc:2    | Found a transporter.
 16957 | Orc:2    | Identified the +9 giant spiked club of Noon {antimagic,
                  | Str+2}
 16997 | Orc:2    | Found a bloodstained altar of Trog.
 17008 | Orc:2    | Identified the cursed +0 great mace "Trog's Outrage"
                  | {antimagic, rPois Int+6 Dex-2}
 17008 | Orc:2    | Noticed ZangPog's ghost (journeyman MiHu)
 17030 | Orc:2    | Found a transporter.
 17119 | Orc:2    | Found Vorokki's General Store.
 17119 | Orc:2    | Found Diuczu's Book Shoppe.
 17121 | Orc:2    | Found Ulupacar's Magic Scroll Shoppe.
 17121 | Orc:2    | Found Wuim's General Store.
 17144 | Orc:2    | Bought 5 curare-tipped darts for 45 gold pieces
 17144 | Orc:2    | Bought a potion of might for 60 gold pieces
 17146 | Orc:2    | Bought a scroll of holy word for 120 gold pieces
 17146 | Orc:2    | Bought a scroll of summoning for 152 gold pieces
 17147 | Orc:2    | Bought a scroll of blinking for 90 gold pieces
 17147 | Orc:2    | Bought a scroll of teleportation for 36 gold pieces
 17147 | Orc:2    | Bought a scroll of enchant armour for 90 gold pieces
 17147 | Orc:2    | Bought a scroll of teleportation for 36 gold pieces
 17147 | Orc:2    | Bought a scroll of magic mapping for 42 gold pieces
 17147 | Orc:2    | Bought a scroll of identify for 24 gold pieces
 17378 | Lair:1   | Entered Level 1 of the Lair of Beasts
 17397 | Lair:1   | Reached skill level 15 in Maces & Flails
 17467 | Lair:1   | Found a dark tunnel.
 17473 | Volcano  | Entered a volcano
 17564 | Volcano  | Reached skill level 10 in Dodging
 18490 | Lair:2   | Reached XP level 16. HP: 122/122 MP: 21/21
 18509 | Lair:2   | Found a hazy altar of Hepliaklqana.
 19122 | Lair:3   | Reached ***** piety under Elyvilon
 19134 | Lair:3   | Noticed Fannar
 19155 | Lair:3   | Killed Fannar
 19505 | Lair:3   | Noticed Snorg
 19516 | Lair:3   | Killed Snorg
 19917 | Lair:4   | Found a staircase to the Snake Pit.
 20336 | Lair:5   | Found a gate leading to a gauntlet.
 20357 | Gauntlet | Entered a Gauntlet
 20357 | Gauntlet | Found a transporter.
 20357 | Gauntlet | Found a transporter.
 20358 | Gauntlet | Found a transporter.
 20361 | Gauntlet | Found a transporter.
 20362 | Gauntlet | Found a transporter.
 20374 | Gauntlet | Found a transporter.
 20375 | Gauntlet | Found the +0 mask of the Dragon {MR+ Slay+3 SInv}
 20375 | Gauntlet | Found a transporter.
 20391 | Gauntlet | Found a transporter.
 20397 | Gauntlet | Found a transporter.
 20414 | Gauntlet | Found a transporter.
 20422 | Gauntlet | Found a transporter.
 20439 | Gauntlet | Found a transporter.
 20652 | Gauntlet | Reached skill level 10 in Invocations
 20705 | Gauntlet | Got a vibrating sapphire amulet
 20706 | Gauntlet | Identified the amulet of Ighem {Inacc rPois rF+ Int+4
                  | Dex-2} (You found it in a Gauntlet)
 20707 | Gauntlet | Got an ancient hunting sling
 20709 | Gauntlet | Identified the cursed +1 hunting sling of Ycao {venom,
                  | Str+2} (You found it in a Gauntlet)
 20965 | Lair:5   | Reached ****** piety under Elyvilon
 21036 | Lair:6   | Entered Level 6 of the Lair of Beasts
 21382 | Lair:6   | Identified the +4 glaive of the Endless Blessings {vamp,
                  | Str-5 Int+4 SInv} (You found it on level 6 of the Lair of
                  | Beasts)
 21420 | Lair:6   | Noticed Sonja
 21526 | Lair:6   | Killed Sonja
 21580 | Lair:6   | Found a staircase to the Slime Pits.
 21581 | Lair:6   | Found a viscous altar of Jiyva.
 21863 | Lair:6   | Reached XP level 17. HP: 124/128 MP: 26/26
 22186 | Snake:1  | Entered Level 1 of the Snake Pit
 22215 | Snake:1  | Reached skill level 12 in Armour
 22230 | Snake:2  | Found a transporter.
 22276 | Snake:2  | Noticed Izya's ghost (adept GnTm)
 22282 | Snake:2  | Noticed Aizul
 22294 | Snake:2  | Killed Aizul
 22312 | Snake:2  | Noticed Agnes
 22320 | Snake:2  | Killed Agnes
 22321 | Snake:2  | Found a transporter.
 22678 | Snake:4  | Entered Level 4 of the Snake Pit
 22919 | Snake:4  | Reached skill level 13 in Armour
 23303 | Snake:4  | Got a serpentine rune of Zot
 23655 | Lair:3   | Noticed Gastronok
 23669 | Lair:3   | Killed Gastronok
 23669 | Lair:3   | Reached XP level 18. HP: 117/134 MP: 29/29
 23723 | Lair:3   | Found a staircase to the Swamp.
 23742 | Swamp:1  | Entered Level 1 of the Swamp
 23960 | Swamp:1  | Reached skill level 14 in Armour
 23979 | Swamp:1  | Paralysed by a hornet for 2 turns
 24109 | Swamp:1  | Reached skill level 15 in Invocations
 24199 | Swamp:1  | Found a bloodstained altar of Trog.
 25020 | Swamp:2  | Found a transporter.
 25023 | Swamp:2  | Found the ring of the Mage {Wiz MR++ Int+3}
 25071 | Swamp:2  | Reached skill level 15 in Armour
 25102 | Swamp:2  | Found a transporter.
 25152 | Swamp:2  | Learned a level 1 spell: Apportation
 25155 | Swamp:2  | Learned a level 2 spell: Blink
 25158 | Swamp:2  | Learned a level 2 spell: Shroud of Golubria
 25161 | Swamp:2  | Learned a level 2 spell: Song of Slaying
 25181 | Swamp:2  | Identified Sif Muna's Volume of the Escort
 25227 | Swamp:2  | Reached skill level 1 in Charms
 25227 | Swamp:2  | Reached skill level 1 in Translocations
 25233 | Swamp:2  | Reached skill level 1 in Spellcasting
 25689 | Swamp:4  | Entered Level 4 of the Swamp
 25965 | Swamp:4  | Reached skill level 5 in Charms
 26289 | Swamp:4  | Reached XP level 19. HP: 126/142 MP: 30/30
 26473 | Swamp:4  | Noticed a bone dragon
 26493 | Swamp:4  | Killed a bone dragon
 26523 | Swamp:4  | Got a decaying rune of Zot
 26793 | Vaults:1 | Entered Level 1 of the Vaults
 27002 | Vaults:1 | Reached skill level 10 in Charms
 27313 | Vaults:1 | Reached skill level 5 in Spellcasting
 27599 | Vaults:1 | Learned a level 2 spell: Swiftness
 27606 | Vaults:1 | Learned a level 6 spell: Deflect Missiles
 27612 | Vaults:1 | Learned a level 5 spell: Aura of Abjuration
 27783 | Vaults:1 | Identified the +3 hunting sling of Weoqu {flame, +Blink rF+
                  | Str+2}
 28090 | Vaults:1 | Reached skill level 5 in Translocations
 28382 | Vaults:2 | Found Leluedo's Weapon Shoppe.
 28391 | Vaults:2 | Bought a +1 vampiric demon whip for 780 gold pieces
 28473 | Vaults:2 | Reached XP level 20. HP: 146/149 MP: 31/31
 28868 | Vaults:2 | Bought a throwing net for 45 gold pieces
 29156 | Vaults:2 | Upgraded the game from 0.25-a0-503-ge281fa673e to
                  | 0.25-a0-504-g768f60da87
 29740 | Vaults:3 | Reached skill level 16 in Armour
 29891 | Vaults:3 | HP: 6/154 [hellion/damnation[an ironheart preserver] (39)]
 30203 | Vaults:3 | Found Xidedih's Jewellery Shoppe.
 30310 | Vaults:3 | Found Otuud's Distillery.
 30312 | Vaults:3 | Bought a potion of degeneration for 17 gold pieces
 30312 | Vaults:3 | Bought a potion of heal wounds for 85 gold pieces
 30336 | Vaults:3 | Found Icruntup's Antique Armour Shoppe.
 30510 | Vaults:3 | Found Quletianu's Armour Boutique.
 30689 | Vaults:3 | Noticed Boris
 30704 | Vaults:3 | Killed Boris
 30704 | Vaults:3 | Reached XP level 21. HP: 146/162 MP: 32/32
 30745 | Vaults:3 | Identified the +6 halberd of Qeny {flame, Fragile rElec
                  | rN+} (You found it on level 3 of the Vaults)
 31052 | Vaults:4 | Found Wiewa's Antique Armour Boutique.
 31149 | Vaults:3 | Found Ywis's Gadget Shoppe.
 31241 | Vaults:4 | Noticed Boris
 31258 | Vaults:4 | Killed Boris
 31258 | Vaults:4 | Reached skill level 17 in Armour
 31873 | Vaults:5 | Entered Level 5 of the Vaults
 31877 | Vaults:5 | Was placed under penance by Elyvilon
 31919 | Vaults:5 | Noticed a golden dragon
 31960 | Vaults:5 | Killed a golden dragon
 31960 | Vaults:5 | Reached skill level 15 in Fighting
 31960 | Vaults:5 | Reached skill level 18 in Armour
 32017 | Vaults:5 | Elyvilon protects you from harm!
 32031 | Vaults:5 | Elyvilon protects you from harm!
 32033 | Vaults:5 | HP: 3/168 [shadow dragon/bolt of negative energy (15)]
 32056 | Vaults:5 | Reached XP level 22. HP: 28/175 MP: 33/33
 32886 | Vaults:5 | Identified the +4 bardiche of Midsummer {protect, +Blink
                  | rF+ Str-4}
 33449 | Vaults:5 | Identified the +7 battleaxe of Certain Death {speed, rPois
                  | Dex+3}
 33684 | Vaults:5 | Identified the cursed +0 scale mail "Resyompotu" {-Cast
                  | rElec Str+5 Dex+6} (You found it on level 5 of the Vaults)
 33767 | Vaults:5 | Identified the +0 glaive of Qazlal {speed, rElec}
 33777 | Vaults:5 | HP: 5/177 [acid[an ironheart preserver] (10)]
 33779 | Vaults:5 | Hit by a large rock thrown by a stone giant

Levels and vault maps discovered:
D:1:      eino_arrival_druids_welcome, layout_rooms
D:2:      layout_loops_ring
D:3:      layout_basic, bloody_trog
D:4:      layout_basic, first_ration, minmay_hollow_rounded_squares,
          uniq_sigmund
D:5:      layout_loops_corners, minmay_temple_entry_butterflies,
          lightli_ossuary_entry_decrepit_ruins, serial_shops,
          nicolae_shop_stone, shop, nicolae_shop_behind_doors, roderic_batcave,
          corexii_corridor_pit, uniq_edmund
D:6:      layout_basic, serial_shops, shop, nicolae_shop_waterfront,
          nicolae_shop_trees, nicolae_shop_waterfront, uniq_maggie, uniq_duvessa
D:7:      layout_basic, kennysheep_mini_moat
D:8:      layout_loops_ring, david_lair_generic, enter_bailey_8, grunt_pizzeria,
          grunt_decor_clamped, eino_small_chamber_without_monster, hex_tiny,
          minivault_29, uniq_erica, uniq_grum
D:9:      minmay_general_purpose_star, layout_irregular_city,
          gammafunk_ghost_stat_death
D:10:     layout_stronghold, minivault_16, minmay_checkerbox
D:11:     layout_small_grid, erik_orc_3, minmay_lindwurm_lava
D:12:     layout_cave_pods, serial_column_ruins, column_ruins_columns_straight,
          column_ruins_columns_T, column_ruins_grid_1, column_ruins_open_medium,
          column_ruins_open_tiny
D:13:     layout_basic, david_vaults_3, minmay_misc_feat_room,
          lemuel_flamethrower_2
D:14:     layout_gridville, dk_noncrumbling_3, roderic_lattice_a
D:15:     grunt_enter_depths_hoard, layout_rooms, serial_shops,
          nicolae_shop_trees, minmay_misc_feat_cross, uniq_roxanne
Temple:   compressed_dpeg_triangle_lava_temple
Lair:1:   layout_hall_layers, nicolae_volcano_entry_s_turn, grunt_megastairs_2,
          serial_bayou_shore_a, uniq_urug
Lair:2:   layout_regular_city, basic_altar
Lair:3:   beast_lair_carwin_large_3, layout_small_grid,
          palyth_hydra_swamp_entry, chequers_serial_rivers_large_a,
          serial_bayou_shore_b, grunt_megastairs_3, uniq_snorg, uniq_gastronok,
          uniq_fannar
Lair:4:   layout_regular_city, dummy_snake_entry
Lair:5:   layout_layer_cave, gauntlet_entry_generic, ldierk_geyser
Lair:6:   minmay_lair_end_frog_pond, layout_cave_pods, slime_altar_1,
          chequers_serial_rivers_small_a, worms_lemuel, uniq_sonja
Swamp:1:  layout_basic_swamp, lemuel_altar_in_water
Swamp:2:  gammafunk_the_bubble [the_bubble_gammafunk_plus_minus],
          layout_basic_swamp, evilmike_swamp_ruin_house_2, swamp_pool5
Swamp:3:  layout_falls_marsh, ebering_ghost_disaster_area,
          nicolae_swamp_dense_foliage
Swamp:4:  swamp_pestilence, layout_basic_swamp
Snake:1:  layout_grid_maze
Snake:2:  layout_grid_shapes, gammafunk_ghost_arena, uniq_agnes, uniq_aizul
Snake:3:  layout_rooms
Snake:4:  minmay_snake_end_coiled, layout_chambers, chequers_hall_statues_wall_a
Orc:1:    layout_caves, minmay_orc_temple_a, uniq_maurice, uniq_erolcha
Orc:2:    grunt_orc_tribal_feast, layout_diamond_mine,
          gammafunk_ghost_wrathful_warriors, special_room, uniq_nessos
Vaults:1: hangedman_vaults_stagger, nicolae_vaults_diagonal_hallway_7,
          hangedman_vaults_nodes, dpeg_vaults_monster_box,
          hangedman_vaults_corner_blocks, ontoclasm_vaults_shout, v_misc_28,
          vaults_dpeg_cross, vaults_room_pool, ontoclasm_vaults_idyll,
          vaults_room_fours, nicolae_vaults_asterisk, layout_vaults_big_room
Vaults:2: nicolae_vaults_puzzle_piece, ontoclasm_vaults_idyll, v_rooms_3,
          v_misc_22, ontoclasm_vaults_idyll, minmay_crypt_entry_skeletal_spiral,
          nicolae_vaults_yaktaur_gun_rack, grunt_vaults_hallway_long,
          ontoclasm_vaults_ring_square, grunt_vaults_funnel,
          nicolae_vaults_border_crossing, layout_vaults_ring, serial_shops,
          shop, infiniplex_enter_wizlab_water
Vaults:3: ontoclasm_vaults_gallery, v_misc_30, v_misc_24,
          hangedman_vaults_corner_blocks, v_alt_pattern_1,
          vaults_standard_mumra_x, v_pattern_4, hangedman_vaults_nails,
          vaults_dpeg_ring, v_rooms_4, dpeg_vaults_monster_row,
          nicolae_vaults_bisected_slash, nicolae_vaults_shelves_hall,
          layout_vaults_omnicross, serial_shops, shop,
          nicolae_shop_competitors_out_of_business, shop, shop, shop, uniq_boris
Vaults:4: grunt_vaults_hallway_short, v_misc_8, layout_vaults_omnigrid,
          serial_shops, shop
Vaults:5

Skill      XL: |  1  2  3  4  5  6  7  8  9 10 11 12 13 14 15 16 17 18 19 20 21 |
---------------+----------------------------------------------------------------+-----
Maces & Flails | 4 5 6 7 10 12 14 15 16 | 16.0
Fighting       | 4 5 6 7 10 13 15 | 15.9
Throwing       | 2 13 | 13.8
Armour         | 1 4 6 9 11 13 15 16 18 | 18.7
Dodging        | 4 5 7 10 | 10.0
Shields        | 2 6 |  6.1
Invocations    | 5 6 12 14 15 | 15.0
Charms         | 6 10 | 10.0
Translocations | 2 6 |  6.1
Spellcasting   | 1 6 |  6.0
Stealth        | |  2.0

Action                   |  1- 3 |  4- 6 |  7- 9 | 10-12 | 13-15 | 16-18 | 19-21 | 22-24 || total
-------------------------+-------+-------+-------+-------+-------+-------+-------+-------++-------
Melee: Mace              |    87 |   125 |   228 |  1021 |   375 |       |       |       ||  1836
       Morningstar       |       |       |       |    16 |   815 |  1291 |  1169 |   123 ||  3414
       Flail             |       |       |       |       |    82 |       |       |       ||    82
Throw: Stone             |     3 |       |       |       |       |       |       |       ||     3
       Dart              |       |     9 |     4 |    68 |    15 |    14 |    16 |     4 ||   130
       Boomerang         |       |       |       |    74 |   115 |   314 |   123 |    59 ||   685
       Javelin           |       |       |       |       |    41 |   111 |   107 |    18 ||   277
       Throwing net      |       |       |       |       |       |       |     3 |     2 ||     5
 Cast: Apportation       |       |       |       |       |       |     1 |    12 |       ||    13
       Song of Slaying   |       |       |       |       |       |       |     6 |     1 ||     7
       Shroud of Golubri |       |       |       |       |       |       |     3 |       ||     3
       Blink             |       |       |       |       |       |       |     1 |       ||     1
Invok: Lesser Healing    |       |       |     3 |    90 |   109 |    68 |    44 |       ||   314
       Heal Other        |       |       |       |    21 |    19 |    26 |     3 |       ||    69
       Purification      |       |       |       |     2 |     5 |    15 |     4 |       ||    26
       Greater Healing   |       |       |       |       |       |     1 |     7 |       ||     8
Evoke: Phial of floods   |       |     1 |     1 |     1 |     4 |     4 |     4 |       ||    15
       Wand              |       |       |       |     6 |    14 |    14 |       |     1 ||    35
       Box of beasts     |       |       |       |       |     1 |       |       |       ||     1
       Lamp of fire      |       |       |       |       |       |     4 |     7 |       ||    11
       Lightning rod     |       |       |       |       |       |     5 |     8 |       ||    13
       Tremorstone       |       |       |       |       |       |     1 |       |       ||     1
  Use: Scroll            |     6 |     4 |     8 |    10 |     8 |    20 |    18 |     5 ||    79
       Potion            |       |     1 |     4 |     9 |     3 |    12 |    16 |       ||    45
 Stab: Sleeping          |     2 |     1 |     1 |     2 |       |       |       |       ||     6
       Distracted        |       |       |       |     1 |       |       |     1 |       ||     2
       Paralysed         |       |       |       |       |     9 |       |       |       ||     9
       Invisible         |       |       |       |       |       |     3 |       |       ||     3
       Confused          |       |       |       |       |       |     2 |       |       ||     2
       Held in net/web   |       |       |       |       |       |       |     1 |       ||     1
  Eat: Chunk             |       |     5 |    10 |    39 |    23 |    26 |     6 |       ||   109
       Ration            |       |       |       |     2 |     8 |     8 |     8 |     2 ||    28
Armor: Robe              |     9 |       |       |       |       |       |       |       ||     9
       Ring mail         |    12 |    43 |    51 |   153 |       |       |       |       ||   259
       Skin              |       |       |     5 |       |       |       |       |       ||     5
       Acid dragon scale |       |       |       |    53 |       |       |       |       ||    53
       Scale mail        |       |       |       |    35 |     7 |       |       |       ||    42
       Plate armour      |       |       |       |       |   546 |   613 |   438 |       ||  1597
       Gold dragon scale |       |       |       |       |       |       |    21 |    48 ||    69
Dodge: Dodged            |    48 |    67 |   102 |   578 |   483 |   584 |   412 |    26 ||  2300
Block: Buckler           |       |       |    73 |   577 |   599 |   927 |   707 |    54 ||  2937
       Reflection        |       |       |       |    16 |    29 |    33 |    67 |     9 ||   154

Table legend:
 A = Non-vault XP
 B = Vault XP
 C = Vault XP percentage of total XP
 D = Non-vault monster count
 E = Vault monster count
 F = Vault count percentage of total count
                 A         B        C        D         E       F
            +---------+---------+-------+---------+---------+-------
      Total |  273378 |  257889 |  48.5 |     874 |     540 |  38.2
            +---------+---------+-------+---------+---------+-------
        D:1 |      44 |       0 |   0.0 |      23 |       0 |   0.0
        D:2 |      43 |       0 |   0.0 |      13 |       0 |   0.0
        D:3 |     128 |       0 |   0.0 |      18 |       0 |   0.0
        D:4 |     458 |    1402 |  75.4 |      23 |       9 |  28.1
        D:5 |    1064 |     106 |   9.1 |      13 |       8 |  38.1
        D:6 |     411 |     637 |  60.8 |      16 |       3 |  15.8
        D:7 |    1173 |       0 |   0.0 |      29 |       0 |   0.0
        D:8 |    1446 |    6109 |  80.9 |      25 |      46 |  64.8
        D:9 |    1027 |     480 |  31.9 |      16 |       3 |  15.8
       D:10 |     677 |     895 |  56.9 |      10 |       5 |  33.3
       D:11 |    5167 |    2793 |  35.1 |      31 |      21 |  40.4
       D:12 |    6693 |       0 |   0.0 |      35 |       0 |   0.0
       D:13 |    3007 |    5216 |  63.4 |      19 |      19 |  50.0
       D:14 |   14853 |       0 |   0.0 |      44 |       0 |   0.0
       D:15 |   16402 |       0 |   0.0 |      38 |       0 |   0.0
     Lair:1 |    4738 |       0 |   0.0 |      23 |       0 |   0.0
     Lair:2 |    9713 |       0 |   0.0 |      34 |       0 |   0.0
     Lair:3 |    2601 |    9980 |  79.3 |      11 |      21 |  65.6
     Lair:4 |    3817 |       0 |   0.0 |      19 |       0 |   0.0
     Lair:5 |    2277 |       0 |   0.0 |       5 |       0 |   0.0
     Lair:6 |    9968 |   13771 |  58.0 |      40 |      51 |  56.0
    Swamp:1 |   15177 |       0 |   0.0 |      34 |       0 |   0.0
    Swamp:2 |   11336 |    9824 |  46.4 |      28 |      16 |  36.4
    Swamp:3 |    1856 |       0 |   0.0 |       6 |       0 |   0.0
    Swamp:4 |   16901 |   12615 |  42.7 |      40 |      43 |  51.8
    Snake:1 |    2967 |       0 |   0.0 |       4 |       0 |   0.0
    Snake:2 |    7853 |    3415 |  30.3 |      21 |       2 |   8.7
    Snake:3 |    3947 |       0 |   0.0 |       4 |       0 |   0.0
    Snake:4 |    6209 |   20608 |  76.8 |      16 |      41 |  71.9
      Orc:1 |    3133 |    2234 |  41.6 |      21 |      11 |  34.4
      Orc:2 |    2699 |    6786 |  71.5 |      40 |      28 |  41.2
   Vaults:1 |   34718 |   18075 |  34.2 |      64 |      36 |  36.0
   Vaults:2 |   20619 |   11720 |  36.2 |      41 |      17 |  29.3
   Vaults:3 |   23107 |   36371 |  61.2 |      26 |      36 |  58.1
   Vaults:4 |   23858 |    1905 |   7.4 |      31 |       1 |   3.1
   Vaults:5 |   13291 |   78957 |  85.6 |      13 |      65 |  83.3
     Bailey |       0 |    3042 | 100.0 |       0 |      36 | 100.0
    Volcano |       0 |    6940 | 100.0 |       0 |      11 | 100.0
   Gauntlet |       0 |    4008 | 100.0 |       0 |      11 | 100.0
            +---------+---------+-------+---------+---------+-------
